 Dungeon Crawl Stone Soup version 0.26.1-11-gd32895ea62 (webtiles) character file.

Game seed: 7092943341950666664

583 Zeld the Chucker (level 7, -1/46 HPs)
             Began as an Octopode Fighter on May 11, 2021.
             Slain by an ogre
             ... wielding a +0 giant club
              (29 damage)
             ... on level 4 of the Dungeon.
             The game lasted 00:06:00 (6928 turns).

Zeld the Chucker (Octopode Fighter)                 Turns: 6928, Time: 00:06:01

Health: -1/46      AC:  1    Str: 14 (17) XL:     7   Next: 37%
Magic:  13/13      EV: 11    Int:  9 (10) God:
Gold:   204        SH:  8    Dex: 11 (12) Spells: 14/14 levels left

rFire    . . .     SeeInvis .   a - +0 war axe
rCold    . . .     Faith    .   b - +0 kite shield
rNeg     . . .     Spirit   .   (helmet restricted)
rPois    .         Reflect  .   (no amulet)
rElec    .         Harm     .   (no ring)
rCorr    .         Rampage  .   (no ring)
Will     .....                  (no ring)
Stlth    ++........             (no ring)
HPRegen  0.15/turn              (no ring)
MPRegen  0.13/turn              (no ring)
                                (no ring)
                                (no ring)

@: no status effects
A: almost no armour, stealthy swim, amphibious, 8 rings, constrict 8, camouflage
1, gelatinous body 1
a: no special abilities


You were on level 4 of the Dungeon.
You visited 1 branch of the dungeon, and saw 4 of its levels.

You collected 204 gold pieces.

Inventory:

Hand Weapons
 a - a +0 war axe (weapon)
Missiles
 d - 5 javelins
 p - 20 poisoned darts (quivered)
Armour
 b - a +0 kite shield (worn)
Jewellery
 e - an uncursed ring of protection from fire {unknown}
 i - a cursed amulet of inaccuracy {unknown}
 j - an uncursed ring of poison resistance {unknown}
 k - a cursed ring of teleportation {unknown}
 q - a cursed amulet of inaccuracy {unknown}
 t - an uncursed ring of positive energy {unknown}
 v - an uncursed ring of fire {unknown}
Scrolls
 f - 2 scrolls of amnesia {unknown}
 l - 2 scrolls of random uselessness {unknown}
 m - 2 scrolls of remove curse {unknown}
 n - 3 scrolls of identify {unknown}
 o - 3 scrolls of teleportation {unknown}
 r - 2 scrolls of enchant armour {unknown}
 s - a scroll of fog {unknown}
Potions
 c - 4 potions of might
 u - a potion of haste {unknown}


   Skills:
 - Level 3.3 Fighting
 - Level 2.5 Axes
 * Level 4.8 Throwing
 - Level 3.0 Dodging
 - Level 3.3 Shields
 * Level 4.3 Spellcasting


You had 14 spell levels left.
You didn't know any spells.
Your spell library contained the following spells:

 Spells                   Type           Power        Failure   Level
 Beastly Appendage        Tmut           2%           75%         1


Dungeon Overview and Level Annotations

Branches:
Dungeon (4/15)
 Temple: D:4-7

Altars:
Elyvilon
Fedhas
Sif Muna
Wu Jian


Innate Abilities, Weirdness & Mutations

You cannot wear most types of armour.
You are very stealthy in the water. (Stealth+)
You are amphibious.
You can wear up to eight rings at the same time.
You can use your tentacles to constrict eight enemies at once.
Your skin changes colour to match your surroundings (Stealth+).
Your rubbery body absorbs attacks. (AC +1, EV +1)


Message History

Throw: 21 darts (poison)
Press: ? - help, Q - select action, (/) - cycle Shift-Dir - straight line, f/p - ogre
Aim: an ogre, wielding a +0 giant club (lightly wounded, poisoned, 74% to hit)
You throw a poisoned dart. The poisoned dart hits the ogre.
The ogre looks even sicker.
The ogre is lightly wounded.
Your shield prevents you from hitting the ogre.
The ogre is lightly wounded.
The ogre hits you with a +0 giant club!
You closely miss the ogre.
The ogre is lightly wounded.
The ogre barely misses you.
You closely miss the ogre.
The ogre is lightly wounded.
The ogre hits you with a +0 giant club.
You hit the ogre.
The ogre is moderately wounded.
The ogre hits you with a +0 giant club!!
Ouch! That really hurt!
You die...

#......#......♣...♣..#
.....###..##.........#
.. ##.. #..♣.(.♣..# .
>... #.........#
......#..♣...♣..#
......#....(....#
........♣.(.♣..#
..........O....#
........♣.@.♣..#
...............#
........♣...♣..#
...#...........# ..
#.#..♣...♣..# .
###.........#
....♣...♣..#
##..........#
#.......♣..#


You could see an ogre (poisoned).

Vanquished Creatures
  A phantom (D:4)
  A scorpion (D:3)
  3 orc priests (D:3)
  A bullfrog skeleton (D:4)
  An iguana (D:4)
  4 orc wizards
  2 worker ants
  4 adders
  An ooze (D:2)
  2 adder skeletons (D:4)
  3 worms
  2 dart slugs (D:1)
  4 leopard geckos
  11 orcs
  8 bats
  5 giant cockroaches
  6 goblins
  7 hobgoblins
  3 jackals (D:4)
  2 quokkas
  2 ball pythons
  3 frilled lizards
  9 kobolds
  A quokka skeleton (D:4)
  12 rats
98 creatures vanquished.

Notes
Turn   | Place    | Note
-------+----------+-------------------------------------------
     0 | D:1      | Zeld the Octopode Fighter began the quest for the Orb.
     0 | D:1      | Reached XP level 1. HP: 16/16 MP: 1/1
   409 | D:1      | Reached XP level 2. HP: 21/21 MP: 2/2
   576 | D:1      | Reached XP level 3. HP: 20/26 MP: 3/3
  1216 | D:2      | Reached skill level 1 in Throwing
  1273 | D:2      | Reached skill level 1 in Spellcasting
  1561 | D:2      | Found an ornate altar of the Wu Jian Council.
  1827 | D:3      | Reached XP level 4. HP: 31/31 MP: 5/5
  1870 | D:3      | Found a blossoming altar of Fedhas.
  2055 | D:3      | Found a white marble altar of Elyvilon.
  2097 | D:3      | Reached XP level 5. HP: 36/36 MP: 8/8
  2856 | D:3      | Found a shimmering blue altar of Sif Muna.
  3691 | D:3      | Reached XP level 6. HP: 23/42 MP: 10/10
  4252 | D:3      | Identified Sif Muna's Reference Book on Shape Shifting
  5711 | D:4      | Reached XP level 7. HP: 17/46 MP: 12/12
  6928 | D:4      | Slain by an ogre

Illustrated notes

Levels and vault maps discovered:
D:1:      minmay_arrival_three_doors, layout_basic
D:2:      layout_rooms, lemuel_coloured_pillars_altar
D:3:      layout_basic, overflow_temple_1_default, elyvilon_altar_1,
          minmay_door_square, led_sif_book
D:4:      cheibrodos_barr_body, layout_cave_pools, serial_park,
          serial_park_avenue1

Skill      XL: |  1  2  3  4  5  6  7 |
---------------+----------------------+-----
Throwing       | 1 2 3 4 |  4.8
Spellcasting   | 1 2 3 4 |  4.3
Fighting       | |  3.3
Axes           | |  2.5
Dodging        | |  3.0
Shields        | |  3.3

Action                   |  1- 3 |  4- 6 |  7- 9 || total
-------------------------+-------+-------+-------++-------
Melee: War axe           |    74 |   101 |    32 ||   207
       Constrict         |    23 |    29 |     3 ||    55
       Tentacles         |    12 |    22 |     5 ||    39
Throw: Javelin           |       |       |     4 ||     4
       Dart              |       |       |     3 ||     3
  Use: Potion            |       |       |     2 ||     2
 Stab: Sleeping          |     6 |     6 |       ||    12
Armor: Skin              |     7 |     9 |     2 ||    18
Dodge: Dodged            |    41 |    53 |    10 ||   104
Block: Kite shield       |    31 |    53 |     8 ||    92
